 Dungeon Crawl Stone Soup version 0.18-a0-1655-ge2d8d33 (webtiles) character file.

508 Kidiri the Slasher (level 6, -10/48 HPs)
             Began as a Demonspawn Chaos Knight on Mar 30, 2016.
             Mangled by Menkaure (17 damage)
             ... on level 4 of the Dungeon.
             The game lasted 00:08:29 (3385 turns).

Kidiri the Slasher (Demonspawn Chaos Knight)        Turns: 3385, Time: 00:08:30

Health: -10/48     AC: 14    Str: 15    XL:     6   Next: 98%
Magic:  6/6        EV: 10    Int: 12    God:    Xom [..*...]
Gold:   29         SH:  0    Dex: 13    Spells: 0 memorised, 5 levels left

rFire  + . .     SeeInvis .     a - +1 falchion (chaos)
rCold  + . .     Gourm    .     g - +4 scale mail
rNeg   . . .     Faith    .     (no shield)
rPois  .         Spirit   .     (helmet restricted)
rElec  .         Dismiss  +     (no cloak)
rCorr  .         Reflect  .     f - +0 pair of gloves
SustAt .         Harm     .     (no boots)
MR     +....     Clarity  +     b - amulet of dismissal
Stlth  ..........               (no ring)
                                (no ring)

@: drained, somewhat resistant to hostile enchantments, extremely unstealthy
A: antennae 1, thin metallic scales 1, blink, clarity, cold resistance 1, dopey
1, fire resistance 1, high mp 1, magic resistance 1, sense surroundings 1,
strong 1, flame cloud immunity
a: Blink, Renounce Religion


You were on level 4 of the Dungeon.
You worshipped Xom.
You were a toy of Xom.
You were not hungry.

You visited 1 branch of the dungeon, and saw 4 of its levels.

You collected 149 gold pieces.
You spent 120 gold pieces at shops.

Inventory:

Hand Weapons
 a - a +1 falchion of chaos (weapon)
 l - a +0 spear of chaos
 m - a +0 dagger of chaos
Armour
 f - a +0 pair of gloves (worn)
 g - a +4 scale mail (worn)
Jewellery
 b - an amulet of dismissal (around neck)
Wands
 k - a wand of slowing (15/48)
Scrolls
 d - a scroll of blinking
 e - 2 scrolls of identify
 h - 3 scrolls of recharging
 i - a scroll of magic mapping
 j - a scroll of immolation
Comestibles
 c - 3 bread rations
 n - 2 chunks of flesh


   Skills:
 + Level 4.3(4.2) Fighting
 * Level 4.7(4.6) Long Blades
 * Level 4.1(4.0) Armour
 + Level 2.4(2.3) Dodging


You had 5 spell levels left.
You didn't know any spells.

Dungeon Overview and Level Annotations

Branches:
Dungeon (4/15)
 Temple: D:4-7

Altars:
Cheibriados
Dithmenos
Okawaru
Pakellas
Ru
Xom

Shops:
D:4 ?

Annotations:
D:4 Menkaure


Innate Abilities, Weirdness & Mutations

You have a pair of small antennae on your head.
You are partially covered in thin metallic scales (AC +2).
Your flesh is heat resistant.
You are immune to clouds of flame.
You can translocate small distances at will.
You possess an exceptional clarity of mind.
Your flesh is cold resistant.
You are dopey. (Int -2)
You have an increased reservoir of magic (+10% MP).
You are resistant to hostile enchantments.
You passively map a small area around you.
Your muscles are strong. (Str +2)


Message History

Menkaure gestures at you while chanting.
You resist with some effort.
You barely miss Menkaure.
Menkaure is moderately damaged.
Menkaure calls on the powers of darkness!
Your body is wracked with pain!
* * * LOW HITPOINT WARNING * * *
Menkaure hits you.
* * * LOW HITPOINT WARNING * * *
You aren't carrying any potions.
Evoke which item? (* to show all) (? for menu, Esc to quit)
Zapping:
k - a wand of slowing {zapped: 1} (will waste charges)
Press: ? - help, Shift-Dir - straight line, f - Menkaure
Aim: Menkaure (moderately damaged, fast, chance to defeat MR: 51%) Menkaure resists with significant effort.
Evoking this partially-identified wand wasted a few charges.
Xom plays with reality for a moment.
Menkaure hits you!
You die...
Xom thinks this is hilarious!

#.####.####.......###
###.##.................
....##.#.###.#.#.#.#.#.
###.##.#.# #..........
#......# #..#.#.#.#.#,
* #..#.#.# ##..........
, #....#.# ###..######.
#..###.#######........
*
#....=.#.....h@#######
###......#.#####M#
....<....# , ..#
##....)..# ,##.#
#.......#,** #.#
#.......#, ..#
#.......# ** ###
####...## ###.#


You could see Menkaure and a friendly hound.

Vanquished Creatures
  Edmund (D:4)
  2 ogres
  A scorpion (D:3)
  2 worker ants (D:4)
  A howler monkey skeleton (D:4)
  2 adders (D:2)
  A river rat (D:2)
  An adder skeleton (D:4)
  2 worms
  A dart slug (D:1)
  4 giant geckos
  6 orcs
  A giant cockroach (D:2)
  6 goblins
  11 hobgoblins
  12 jackals
  4 quokkas
  A ball python (D:2)
  6 bats
  6 giant newts
  6 kobolds
  5 rats
82 creatures vanquished.

Vanquished Creatures (collateral kills)
  A worm (D:3)
  An orc (D:3)
2 creatures vanquished.

Vanquished Creatures (others)
  A worm (D:3)
1 creature vanquished.

Grand Total: 85 creatures vanquished

Notes
Turn   | Place    | Note
--------------------------------------------------------------
     0 | D:1      | Kidiri the Demonspawn Chaos Knight began the quest for the Orb.
     0 | D:1      | Reached XP level 1. HP: 18/18 MP: 1/1
    60 | D:1      | Reached skill level 1 in Dodging
   114 | D:1      | Gained mutation: You are partially covered in thin metallic scales (AC +2). [demonic ancestry]
   114 | D:1      | Reached XP level 2. HP: 16/24 MP: 2/2
   301 | D:1      | XOM: divination: magic mapping
   333 | D:1      | XOM: colour smoke trail
   466 | D:1      | XOM: harmless Summ miscast
   558 | D:1      | Reached XP level 3. HP: 28/29 MP: 3/3
  1005 | D:2      | Found a shadowy altar of Dithmenos.
  1068 | D:2      | Found an oddly glowing altar of Pakellas.
  1080 | D:2      | Gained mutation: Your flesh is heat resistant. [demonic ancestry]
  1080 | D:2      | Reached XP level 4. HP: 34/35 MP: 4/4
  1559 | D:2      | XOM: mild Erth miscast
  1666 | D:3      | XOM: give mutation
  1666 | D:3      | Gained mutation: You have an increased reservoir of magic (+10% MP). [Xom's grace]
  1869 | D:3      | XOM: summons 4 friendly demons
  1874 | D:3      | Gained mutation: You have a pair of small antennae on your head. [demonic ancestry]
  1874 | D:3      | Reached XP level 5. HP: 10/41 MP: 5/5
  2055 | D:3      | Noticed an ogre
  2055 | D:3      | a worm changed into an ogre
  2059 | D:3      | Killed an ogre
  2074 | D:3      | Gained mutation: You are resistant to hostile enchantments. [potion of mutation]
  2074 | D:3      | Gained mutation: You are dopey. (Int -2) [potion of mutation]
  2074 | D:3      | Gained mutation: Your muscles are strong. (Str +2) [potion of mutation]
  2163 | D:3      | You fall through a shaft!
  2372 | D:4      | Noticed an ogre
  2382 | D:4      | Killed an ogre
  2382 | D:4      | Gained mutation: You are immune to clouds of flame. [demonic ancestry]
  2382 | D:4      | Reached XP level 6. HP: 48/48 MP: 6/6
  2453 | D:4      | XOM: 1-stop teleportation journey
  2473 | D:4      | Found Dyug's Magic Scroll Shoppe.
  2478 | D:4      | Bought a scroll of blinking for 82 gold pieces
  2478 | D:4      | Bought a scroll of immolation for 38 gold pieces
  2514 | D:4      | Found a sacrificial altar of Ru.
  2551 | D:4      | Noticed Edmund
  2560 | D:4      | XOM: potion effect (haste)
  2573 | D:4      | Killed Edmund
  2593 | D:4      | Found an iron altar of Okawaru.
  2814 | D:4      | Found a shimmering altar of Xom.
  2843 | D:4      | XOM: smoke on damage
  2872 | D:4      | XOM: give mutations
  2872 | D:4      | Gained mutation: You passively map a small area around you. [Xom's grace]
  2872 | D:4      | Gained mutation: You possess an exceptional clarity of mind. [Xom's grace]
  2971 | D:4      | XOM: give mutations
  2971 | D:4      | Gained mutation: You can translocate small distances at will. [Xom's grace]
  2971 | D:4      | Gained mutation: Your flesh is cold resistant. [Xom's grace]
  3134 | D:4      | Found a snail-covered altar of Cheibriados.
  3260 | D:4      | XOM: colour smoke trail
  3358 | D:4      | XOM: noise
  3379 | D:4      | Noticed Menkaure
  3385 | D:4      | XOM: cast spell 'Call Canine Familiar'
  3385 | D:4      | Mangled by Menkaure

Vault maps used:
D:1:      sevenhm_arrival_forest_fort_small_4
D:2:      lemuel_round_altar, overflow_temple_1_default, first_bread
D:3:      minmay_misc_feat_four_crosses
D:4:      cheibriados_altar_wand_db, kennysheep_okawaru_gauntlet,
          nicolae_ru_the_path_less_chosen, tgw_xom, serial_shops,
          nicolae_shop_temple_entry_statues_fountains, minmay_misc_feat_pillars,
          uniq_edmund, uniq_menkaure

Skill      XL: |  1  2  3  4  5  6 |
---------------+-------------------+-----
Dodging        | 1 2 |  2.4
Long Blades    | 3 4 |  4.7
Armour         | 2 3 4 |  4.1
Fighting       | 4 |  4.3

Action                   |  1- 3 |  4- 6 || total
-------------------------+-------+-------++-------
Melee: Falchion          |   150 |   170 ||   320
Evoke: Wand              |       |     1 ||     1
  Use: Potion            |     3 |     3 ||     6
       Scroll            |     3 |     7 ||    10
  Eat: Chunk             |     1 |     6 ||     7
       Bread ration      |       |     1 ||     1
